 Dungeon Sprint DCSS version 0.22.1-2-g9c5b331383 (webtiles) character file.

6954 Groucho the Imperceptible (level 10, 44/50 HPs)
             Began as a Felid Berserker on Dec 30, 2018.
             Was the Champion of Trog.
             Got out of the dungeon alive.
             The game lasted 00:16:38 (4308 turns).

Groucho the Imperceptible (Felid Berserker)         Turns: 4308, Time: 00:16:39

Health: 44/50      AC:  3    Str:  6    XL:     10   Next: 80%
Magic:  19/19      EV: 34    Int:  9    God:    Trog [******]
Gold:   2619       SH:  0    Dex: 20    Spells: 9/9 levels left
                                        Lives:  0   Deaths: 2

rFire    + . .     SeeInvis +     - Unarmed
rCold    + . .     Gourm    +   (shield unavailable)
rNeg     + . .     Faith    .   (armour unavailable)
rPois    +         Spirit   .   (helmet unavailable)
rElec    +         Reflect  .   (cloak unavailable)
rCorr    .         Harm     .   (gloves unavailable)
MR       +....     NoTele   +   (boots unavailable)
Stlth    +++++++++.             m - amulet "Loifach" {Gourm rPois}
HPRegen  0.16/turn              l - ring of protection from fire
MPRegen  0.16/turn              k - ring of Iguck {+Inv +Fly rElec rN+ Str-5}

@: quick
A: very small, no armour, no weapons or thrown items, stealth, claws 1, fangs 3,
see invisible, carnivore, speed 1, frail 1, shaggy fur 3, slow metabolism 1,
weak 1, sharp paws
a: Berserk, Trog's Hand, Brothers in Arms, Renounce Religion, Evoke
Invisibility, Evoke Flight


You escaped.
You worshipped Trog.
Trog was exalted by your worship.
You were completely stuffed.

You visited 1 branch You collected 4158 gold pieces.
You spent 1539 gold pieces at shops.

Inventory:

Jewellery
 k - the ring of Iguck (right paw) {+Inv +Fly rElec rN+ Str-5}
   (You bought it in a shop in the Dungeon)

   [ring of positive energy]

   It affects your strength (-5).
   It insulates you from electricity.
   It protects you from negative energy.
   It lets you turn invisible.
   It lets you fly.
 l - a ring of protection from fire (left paw)
 m - the amulet "Loifach" (around neck) {Gourm rPois}
   (You bought it in a shop in the Dungeon)

   [amulet of the gourmand]

   It allows you to eat raw meat even when not hungry.
   It protects you from poison.
 n - the ring of Qeuxe Ukhli {MR+ EV+5 SInv}
   (You found it in the Dungeon)

   [ring of evasion]

   It affects your evasion (+5).
   It affects your resistance to hostile enchantments.
   It lets you see invisible.
 q - an uncursed ring of ice {unknown}
Wands
 c - a wand of iceblast (5)
 r - a wand of acid (6)
Scrolls
 a - a scroll of identify
 i - 2 scrolls of remove curse {unknown}
 j - a scroll of blinking
Potions
 b - 4 potions of curing
 d - a potion of haste
 e - 2 potions of magic
 f - a potion of berserk rage
 g - 2 potions of flight
 h - a potion of agility {unknown}
 o - a potion of resistance {unknown}
Comestibles
 p - 2 rations


   Skills:
 + Level 14.2 Fighting
 + Level 17.7 Dodging
 + Level 24.6 Stealth
 + Level 14.2 Unarmed Combat
 - Level 11.8 Evocations


You had 9 spell levels left.
You didn't know any spells.
Your spell library was empty.

Dungeon Overview and Level Annotations

Branches:
Dungeon (1/1)

Altars:
Cheibriados
Dithmenos
Elyvilon
Fedhas
Gozag
Hepliaklqana
Kikubaaqudgha
Makhleb
Nemelex Xobeh
Okawaru
Qazlal
Ru
Sif Muna
Trog
Uskayaw
Vehumet
Wu Jian
Xom
Yredelemnul
Zin
The Shining One
Jiyva
Lugonu

Shops:
D [!%(:=*[*:!!(%?[%(*[(*

Annotations:
D Tiamat


Innate Abilities, Weirdness & Mutations

You cannot wear armour.
You are incapable of wielding weapons or throwing items.
Your paws allow you to move quietly. (Stealth)
You have sharp claws.
You have razor-sharp teeth.
You have supernaturally acute eyesight. (SInv)
You are carnivorous and can eat meat at any time.
You cover ground quickly.
Your thick and shaggy fur keeps you warm. (AC +3, rC+)
You have a slow metabolism.
Your sharp claws are effective at attacking unaware monsters.
You are frail. (-10% HP)
You are weak. (Str -2)


Message History

There is an open door here.
You can't go up here!
There is an open door here.
There is an open door here.
There is an open door here.
You avoid triggering an arrow trap.
There is an arrow trap here.
There is an open door here.
There is an open door here.
Things that are here:
a robe; a scythe
There is an open door here.
There is an open door here.
Things that are here:
a runed leather armour; a dagger
There is an open door, spattered with blood here.
You see here a giant spiked club.
There is a staircase leading out of the dungeon here.
Are you sure you want to leave the Dungeon?
This will make you lose the game!
You have escaped!

##################
#@.#.['..#.['..#__
#..)..#..'..#..'^.
#..#####+#####'#__
#..####..#...#(###
#..#__####..##[#§≈
#..#_____##'#_§§≈≈
#⌠⌠#_.∩...'.§._#≈≈
####_..__##_.#'##+
#_____###'#.#..


There were no monsters in sight!

Vanquished Creatures
  A golden dragon (D)
  A shadow dragon (D)
  2 fire giants (D)
  A lorocyproca (D)
  A hydra (D)
  2 centaur warriors (D)
  Sonja (D)
  A deep troll (D)
  7 unseen horrors (D)
  A lindwurm (D)
  An oklob plant (D)
  A merfolk siren (D)
  A gargoyle (D)
  2 kobold demonologists (D)
  A hornet (D)
  A slime creature (D)
  2 redbacks (D)
  Sigmund (D)
  13 hogs (D)
  A yak (D)
  3 floating eyes (D)
  5 necrophages (D)
  An ogre (D)
  8 jellies (D)
  Ijyb (D)
  5 ballistomycetes (D)
65 creatures vanquished.

Vanquished Creatures (collateral kills)
  8 shining eyes (D)
  4 demonic crawlers (D)
  4 floating eyes (D)
  2 necrophages (D)
  A ballistomycete (D)
  A ballistomycete spore (D)
20 creatures vanquished.

Vanquished Creatures (others)
  A merfolk siren (D)
  A gargoyle (D)
  3 hornets (D)
  A ballistomycete spore (D)
6 creatures vanquished.

Grand Total: 91 creatures vanquished

Notes
Turn   | Place    | Note
-------+----------+-------------------------------------------
     0 | D        | Groucho the Felid Berserker began the quest for the Orb.
     0 | D        | Reached XP level 1. HP: 10/10 MP: 2/2
     2 | D        | Noticed Ijyb
     7 | D        | Killed Ijyb
     7 | D        | Reached skill level 8 in Stealth
     7 | D        | Reached XP level 2. HP: 14/14 MP: 3/3
    58 | D        | Noticed an ogre
    70 | D        | Killed an ogre
    70 | D        | Reached skill level 12 in Stealth
    70 | D        | Reached XP level 3. HP: 5/17 MP: 4/4
    70 | D        | Reached XP level 4. HP: 6/21 MP: 5/5
   518 | D        | Noticed Sigmund
   520 | D        | Killed Sigmund
   520 | D        | Reached ** piety under Trog
   520 | D        | Reached skill level 16 in Stealth
   520 | D        | Reached XP level 5. HP: 24/24 MP: 6/6
   520 | D        | Gained mutation: You are covered in thick fur. (AC +2)
                  | [Felid growth]
   520 | D        | Reached XP level 6. HP: 28/28 MP: 7/7
   533 | D        | Found a deep blue altar of Sif Muna.
   534 | D        | Found an ornate altar of the Wu Jian Council.
   535 | D        | Found a radiant altar of Vehumet.
   542 | D        | Found Ataiv's Antique Weapon Emporium.
   542 | D        | Found an ancient bone altar of Kikubaaqudgha.
   542 | D        | Found a hazy altar of Hepliaklqana.
   542 | D        | Found a stormy altar of Qazlal.
   542 | D        | Found a hide-covered altar of Uskayaw.
   542 | D        | Found a blossoming altar of Fedhas.
   542 | D        | Found a bloodstained altar of Trog.
   542 | D        | Found an iron altar of Okawaru.
   542 | D        | Found a basalt altar of Yredelemnul.
   542 | D        | Found a glowing golden altar of the Shining One.
   542 | D        | Found a snail-covered altar of Cheibriados.
   542 | D        | Found a sacrificial altar of Ru.
   542 | D        | Found a glowing silver altar of Zin.
   542 | D        | Found a shadowy altar of Dithmenos.
   542 | D        | Found a white marble altar of Elyvilon.
   542 | D        | Noticed a yak
   543 | D        | Found an opulent altar of Gozag.
   544 | D        | Killed a yak
   544 | D        | Reached skill level 18 in Stealth
   545 | D        | Found a sparkling altar of Nemelex Xobeh.
   593 | D        | Found a burning altar of Makhleb.
   593 | D        | Found a shimmering altar of Xom.
   593 | D        | Noticed a slime creature
   594 | D        | Found a viscous altar of Jiyva.
   594 | D        | Found a corrupted altar of Lugonu.
   604 | D        | Killed a slime creature
   604 | D        | Reached *** piety under Trog
   604 | D        | Reached skill level 5 in Dodging
   604 | D        | Reached XP level 7. HP: 22/32 MP: 8/8
   933 | D        | Noticed a centaur warrior
   933 | D        | Noticed a centaur warrior
   934 | D        | Killed a centaur warrior
   934 | D        | Reached skill level 19 in Stealth
   934 | D        | Reached XP level 8. HP: 39/39 MP: 9/9
   935 | D        | Killed a centaur warrior
   935 | D        | Reached skill level 10 in Dodging
   935 | D        | Reached skill level 20 in Stealth
   946 | D        | Noticed a hornet
   949 | D        | Killed a hornet
   949 | D        | Reached XP level 9. HP: 44/44 MP: 10/10
   959 | D        | Noticed an oklob plant
   970 | D        | Killed an oklob plant
   970 | D        | Reached **** piety under Trog
  1419 | D        | Noticed an unseen horror
  1420 | D        | Noticed an unseen horror
  1426 | D        | Killed an unseen horror
  1426 | D        | Reached skill level 21 in Stealth
  1428 | D        | Killed an unseen horror
  1428 | D        | Reached ***** piety under Trog
  1428 | D        | Reached XP level 10. HP: 51/51 MP: 11/11
  1433 | D        | Reached skill level 10 in Fighting
  1449 | D        | Reached skill level 10 in Unarmed Combat
  1553 | D        | Reached ****** piety under Trog
  1577 | D        | Found Puar's Armour Shoppe.
  1577 | D        | Found Tyfuwyh's General Store.
  1577 | D        | Found Deannuar's General Store.
  1579 | D        | Found Waahy's Book Emporium.
  1579 | D        | Found Nuaq's Distillery.
  1579 | D        | Found Ihil's Distillery.
  1579 | D        | Found Ufoul's Weapon Boutique.
  1579 | D        | Found Bocutori's Food Emporium.
  1579 | D        | Found Deecel's Magic Scroll Shop.
  1579 | D        | Found Fuozoufu's Armour Shoppe.
  1583 | D        | Found Hehoicor's Food Boutique.
  1584 | D        | Found Abor's General Store.
  1584 | D        | Found Wagyfacu's Antique Weapon Boutique.
  1585 | D        | Found Yjuon's Antique Weapon Emporium.
  1590 | D        | Bought a ration for 50 gold pieces
  1590 | D        | Bought a ration for 50 gold pieces
  1590 | D        | Bought a ration for 50 gold pieces
  1609 | D        | Bought a potion of flight for 39 gold pieces
  1651 | D        | Noticed a deep troll
  1653 | D        | Killed a deep troll
  1665 | D        | Found Cuyppoust's Armour Emporium.
  1679 | D        | Noticed Sonja
  1682 | D        | Killed Sonja
  1682 | D        | Reached skill level 22 in Stealth
  1696 | D        | Found Utooll's Armour Boutique.
  1797 | D        | Noticed a shining eye
  1797 | D        | Noticed a shining eye
  1797 | D        | Noticed a shining eye
  1797 | D        | Noticed a shining eye
  1797 | D        | Noticed a shining eye
  1797 | D        | Noticed a shining eye
  1798 | D        | Killed a shining eye
  1799 | D        | Gained mutation: You are weak. (Str -2) [a shining eye]
  1800 | D        | Killed a shining eye
  1800 | D        | Gained mutation: You are frail. (-10% HP) [a shining eye]
  1801 | D        | Killed a shining eye
  1802 | D        | Noticed a shining eye
  1802 | D        | Noticed a shining eye
  1803 | D        | Killed a shining eye
  1803 | D        | Paralysed by a floating eye for 4 turns
  1805 | D        | Killed a shining eye
  1805 | D        | Killed a shining eye
  1807 | D        | Killed a shining eye
  1810 | D        | Killed a shining eye
  1843 | D        | Found Obliveso's Distillery.
  1843 | D        | Found Gets's Jewellery Boutique.
  1843 | D        | Found Urphavve's Food Emporium.
  1844 | D        | Found Causuho's Book Shop.
  1850 | D        | Bought the ring of Iguck {+Inv +Fly rElec rN+ Str-5} for
                  | 326 gold pieces
  1850 | D        | Bought an uncursed ring of protection from fire for 250
                  | gold pieces
  1858 | D        | Bought the amulet "Loifach" {Gourm rPois} for 412 gold
                  | pieces
  1916 | D        | Reached skill level 1 in Evocations
  1918 | D        | Reached XP level 11. HP: 51/51 MP: 11/14
  1955 | D        | Reached skill level 5 in Evocations
  2204 | D        | HP: 2/51 [gargoyle/stone arrow (24)]
  2271 | D        | Noticed a lorocyproca
  2303 | D        | HP: 1/76 [lorocyproca (36)]
  2305 | D        | Killed a lorocyproca
  2778 | D        | Bought a ration for 50 gold pieces
  2832 | D        | Noticed a lindwurm
  2836 | D        | Killed a lindwurm
  2836 | D        | Reached skill level 10 in Evocations
  2891 | D        | Reached skill level 15 in Dodging
  2902 | D        | Noticed a 12-headed hydra
  2904 | D        | Killed a 12-headed hydra
  2904 | D        | Reached skill level 23 in Stealth
  3253 | D        | Noticed a shadow dragon
  3257 | D        | Noticed a golden dragon
  3258 | D        | Killed a shadow dragon
  3260 | D        | Killed a golden dragon
  3260 | D        | Gained mutation: Your thick and shaggy fur keeps you warm.
                  | (AC +3, rC+) [Felid growth]
  3260 | D        | Reached XP level 12. HP: 56/56 MP: 21/21
  3264 | D        | Got a pitted steel ring
  3265 | D        | Identified the ring of Qeuxe Ukhli {MR+ EV+5 SInv} (You
                  | found it in the Dungeon)
  3325 | D        | Found Buiplum's Assorted Antiques.
  3343 | D        | Bought a bone ring for 130 gold pieces
  3343 | D        | Bought a twisted brass wand for 104 gold pieces
  3343 | D        | Bought a potion of curing for 78 gold pieces
  3379 | D        | Noticed a daeva
  3388 | D        | Reached skill level 24 in Stealth
  3614 | D        | Noticed a fire giant
  3616 | D        | Noticed a fire giant
  3630 | D        | Killed a fire giant
  3642 | D        | HP: 1/56 [fire giant/great sword of flaming (10)]
  3642 | D        | Slain by a fire giant
  3643 | D        | Reached XP level 11. HP: -1/53 MP: 20/20
  4031 | D        | Noticed a fire giant
  4034 | D        | Demolished by a fire giant
  4035 | D        | Reached XP level 10. HP: -15/50 MP: 19/19
  4209 | D        | Noticed a fire giant
  4216 | D        | Killed a fire giant
  4226 | D        | Noticed Tiamat
  4261 | D        | Killed a merfolk siren
  4308 | D        | Got out of the dungeon alive.

Skill      XL: |  1  2  3  4  5  6  7  8  9 10 11 12 |
---------------+-------------------------------------+-----
Stealth        | 8 12 16 18 19 20 21 22 23 24 | 24.6
Fighting       | 4 6 8 9 11 14 | 14.2
Dodging        | 5 8 10 12 14 16 17 | 17.7
Unarmed Combat | 4 6 8 9 11 14 | 14.2
Evocations     | 3 11 | 11.8

Action                   |  1- 3 |  4- 6 |  7- 9 | 10-12 || total
-------------------------+-------+-------+-------+-------++-------
Melee: Unarmed           |     8 |    10 |    17 |   149 ||   184
       Bite              |     1 |       |     3 |    19 ||    23
       Punch             |       |     1 |       |     8 ||     9
Invok: Berserk           |     2 |     1 |     1 |     6 ||    10
       Brothers in Arms  |       |       |       |     8 ||     8
       Trog's Hand       |       |       |       |     4 ||     4
 Abil: Evoke Invisibilit |       |       |       |     2 ||     2
  Use: Scroll            |       |       |     1 |     1 ||     2
       Potion            |       |       |       |     2 ||     2
 Stab: Sleeping          |       |     3 |     8 |    20 ||    31
       Distracted        |       |       |       |     1 ||     1
       Invisible         |       |       |       |     7 ||     7
  Eat: Chunk             |     2 |       |       |     6 ||     8
       Ration            |       |       |       |     8 ||     8
Armor: Skin              |       |     1 |       |     4 ||     5
Dodge: Dodged            |     4 |     2 |       |   112 ||   118
